[Event "Live Chess"]
[Site "Chess.com"]
[Date "2021.02.06"]
[Round "-"]
[White "champ_shivam"]
[Black "dabpacman"]
[Result "0-1"]
[CurrentPosition "1K6/1q6/1k6/8/2p5/8/8/8 w - -"]
[Timezone "UTC"]
[ECO "B27"]
[ECOUrl "https://www.chess.com/openings/Sicilian-Defense-Katalimov-Variation"]
[UTCDate "2021.02.06"]
[UTCTime "20:31:04"]
[WhiteElo "1268"]
[BlackElo "1130"]
[TimeControl "1200+10"]
[Termination "dabpacman won by checkmate"]
[StartTime "20:31:04"]
[EndDate "2021.02.06"]
[EndTime "20:52:17"]
[Link "https://www.chess.com/live/game/6472982708"]

1. e4 c5 2. Nf3 b6 3. Bc4 e6 4. O-O Bb7 5. d3 a6 6. a4 Qc7 7. Nc3 Nc6 8. Re1 Bd6 9. e5 Nxe5 10. Nxe5 Bxe5 11. Ne2 Bxh2+ 12. Kh1 Nf6 13. f3 Ng4 14. fxg4 Qc6 15. Nf4 Bxf4 16. Qf3 Qxf3 17. gxf3 Bxf3+ 18. Kg1 Bxc1 19. Raxc1 Bxg4 20. c3 O-O 21. Re4 Bf5 22. Re2 d5 23. Bb3 b5 24. axb5 axb5 25. Kf2 Bxd3 26. Rd2 c4 27. Bc2 Bxc2 28. Rcxc2 Rab8 29. Ke3 b4 30. Rh2 bxc3 31. bxc3 h6 32. Rcg2 Kh7 33. Rg3 Rb3 34. Kd4 Rfb8 35. Rhg2 g6 36. Rf2 Kg7 37. Rgf3 R8b7 38. Rh2 Rb2 39. Rxb2 Rxb2 40. Rg3 Rd2+ 41. Ke3 Rd3+ 42. Kf2 Rxg3 43. Kxg3 Kf6 44. Kf4 g5+ 45. Kg4 Ke5 46. Kf3 g4+ 47. Kxg4 Ke4 48. Kh5 Kd3 49. Kxh6 Kxc3 50. Kg7 d4 51. Kxf7 d3 52. Kxe6 d2 53. Kd6 d1=Q+ 54. Kc5 Qg4 55. Kb5 Qd4 56. Kc6 Qe5 57. Kb6 Qd5 58. Kc7 Qe6 59. Kb7 Qd6 60. Ka7 Qc6 61. Kb8 Qd7 62. Ka8 Kb4 63. Kb8 Kb5 64. Ka8 Kb6 65. Kb8 Qb7# 0-1

[Event "Live Chess"]
[Site "Chess.com"]
[Date "2021.02.06"]
[Round "-"]
[White "cassiusl"]
[Black "xiaowu2"]
[Result "1-0"]
[CurrentPosition "1k5R/8/1K6/8/5PP1/4P3/8/8 b - -"]
[Timezone "UTC"]
[ECO "D53"]
[ECOUrl "https://www.chess.com/openings/Queens-Gambit-Declined-Modern-Variation-4...Be7-5.e3"]
[UTCDate "2021.02.06"]
[UTCTime "20:30:28"]
[WhiteElo "1343"]
[BlackElo "1028"]
[TimeControl "1200+10"]
[Termination "cassiusl won by checkmate"]
[StartTime "20:30:28"]
[EndDate "2021.02.06"]
[EndTime "21:09:09"]
[Link "https://www.chess.com/live/game/6472983479"]

1. d4 d5 2. c4 e6 3. Nc3 Nf6 4. Bg5 Be7 5. e3 Nc6 6. Nf3 Bd7 7. Bd3 O-O 8. O-O h6 9. Bh4 Ne4 10. Bxe7 Qxe7 11. Nxe4 dxe4 12. Bxe4 f5 13. Bc2 a6 14. a3 b5 15. b3 Na5 16. cxb5 axb5 17. Ne5 c6 18. Ng6 Qf6 19. Nxf8 Qxf8 20. a4 bxa4 21. bxa4 Nb7 22. Qd2 Qd8 23. Rfb1 Bc8 24. Qc3 Na5 25. Bb3 Bd7 26. h3 Qc7 27. Rb2 Nb7 28. Rab1 c5 29. dxc5 Qc6 30. Bxe6+ Bxe6 31. Rxb7 Bd7 32. Rb8+ Rxb8 33. Rxb8+ Bc8 34. Qb3+ Kf8 35. Qb6 Qd7 36. Qd6+ Ke8 37. Qxd7+ Kxd7 38. Kf1 Kc7 39. Rb4 Kc6 40. Ke1 Kxc5 41. Rb5+ Kc6 42. Kd2 g6 43. Kc3 Ba6 44. Re5 Kd6 45. Kd4 Bf1 46. Rd5+ Ke6 47. Re5+ Kd6 48. g3 Bxh3 49. a5 Bg2 50. a6 Bc6 51. Ra5 Ba8 52. a7 Ke7 53. Re5+ Kf6 54. Re8 Bc6 55. a8=Q Bxa8 56. Rxa8 g5 57. Ra6+ Kg7 58. Ke5 Kf7 59. Kxf5 Kg7 60. Ra7+ Kf8 61. Rh7 Kg8 62. Rxh6 Kg7 63. Rg6+ Kf7 64. Rxg5 Ke7 65. Rg6 Kf7 66. Rh6 Kg7 67. Ra6 Kh7 68. Kg5 Kg7 69. Ra7+ Kg8 70. Kg6 Kf8 71. g4 Ke8 72. Kf6 Kd8 73. Ke6 Kc8 74. Kd6 Kb8 75. Rh7 Ka8 76. Kc6 Kb8 77. f4 Ka8 78. Kb6 Kb8 79. Rh8# 1-0

[Event "Live Chess"]
[Site "Chess.com"]
[Date "2021.02.06"]
[Round "-"]
[White "AaravGoel5"]
[Black "SamDaGreat"]
[Result "1-0"]
[CurrentPosition "8/1p4k1/p1p4p/2b1Q3/8/P6P/1P4P1/4K3 b - -"]
[Timezone "UTC"]
[ECO "C62"]
[ECOUrl "https://www.chess.com/openings/Ruy-Lopez-Opening-Old-Steinitz-Defense-4.c3"]
[UTCDate "2021.02.06"]
[UTCTime "20:30:48"]
[WhiteElo "1117"]
[BlackElo "1568"]
[TimeControl "1200+10"]
[Termination "AaravGoel5 won by resignation"]
[StartTime "20:30:48"]
[EndDate "2021.02.06"]
[EndTime "20:54:40"]
[Link "https://www.chess.com/live/game/6472983952"]

1. e4 e5 2. Nf3 Nc6 3. Bb5 d6 4. c3 Bd7 5. d4 exd4 6. cxd4 Nf6 7. Nc3 a6 8. Be2 h6 9. O-O Be7 10. h3 O-O 11. a3 Re8 12. d5 Ne5 13. Nxe5 dxe5 14. Qd3 c6 15. d6 Bf8 16. f4 exf4 17. Bxf4 Be6 18. Rf2 Qd7 19. Qg3 Kh8 20. e5 Nd5 21. Nxd5 Bxd5 22. Raf1 Rad8 23. Bg4 Be6 24. Bxh6 gxh6 25. Rxf7 Qxf7 26. Rxf7 Bxf7 27. d7 Re7 28. e6 Bg6 29. Qc7 Rde8 30. Qc8 Rxd7 31. exd7 Bc5+ 32. Kf1 Bd3+ 33. Be2 Bxe2+ 34. Ke1 Bh5+ 35. dxe8=Q+ Bxe8 36. Qxe8+ Kg7 37. Qe5+ 1-0

[Event "Live Chess"]
[Site "Chess.com"]
[Date "2021.02.06"]
[Round "-"]
[White "RaggedFire"]
[Black "AnshulPlaysChess"]
[Result "0-1"]
[CurrentPosition "8/1k6/4qK2/8/6q1/8/8/8 w - -"]
[Timezone "UTC"]
[ECO "C50"]
[ECOUrl "https://www.chess.com/openings/Giuoco-Piano-Game-Giuoco-Pianissimo-Italian-Four-Knights-Variation"]
[UTCDate "2021.02.06"]
[UTCTime "20:30:42"]
[WhiteElo "1186"]
[BlackElo "885"]
[TimeControl "1200+10"]
[Termination "AnshulPlaysChess won by checkmate"]
[StartTime "20:30:42"]
[EndDate "2021.02.06"]
[EndTime "20:43:55"]
[Link "https://www.chess.com/live/game/6472984307"]

1. e4 e5 2. Nf3 Nc6 3. Bc4 Bc5 4. Nc3 Nf6 5. d3 O-O 6. a3 h6 7. b4 Bd4 8. Bb2 a6 9. Nd5 d6 10. Nxf6+ Qxf6 11. c3 Bb6 12. O-O Qg6 13. Ba2 Bh3 14. g3 Bxf1 15. Qxf1 Rfe8 16. Nh4 Qf6 17. Rd1 a5 18. Rd2 axb4 19. cxb4 Nxb4 20. axb4 Rxa2 21. d4 Bxd4 22. Qb1 Rxb2 23. Rxb2 Bxb2 24. Qxb2 b6 25. Qc3 Rc8 26. Qc6 Qd8 27. b5 Qe8 28. Qxe8+ Rxe8 29. Nf5 Ra8 30. Ne7+ Kf8 31. Nd5 Ra1+ 32. Kg2 Rc1 33. Kf3 Rc4 34. Ke3 Rc5 35. f4 f6 36. fxe5 fxe5 37. h4 Ke8 38. Kf3 Kd7 39. Kg4 Rxb5 40. Kh5 Rb3 41. g4 Rh3 42. g5 hxg5 43. Kxg5 b5 44. h5 c5 45. Nb6+ Kc6 46. Nd5 b4 47. Ne7+ Kb5 48. Nf5 b3 49. Nxg7 b2 50. h6 Rxh6 51. Kxh6 b1=Q 52. Kg6 Qxe4+ 53. Kf6 c4 54. Ne6 c3 55. Nc7+ Kc6 56. Na6 Kb6 57. Nb8 Kb7 58. Nd7 c2 59. Ke6 Qd4 60. Nf6 c1=Q 61. Nd7 Qg4+ 62. Kxd6 Qd2+ 63. Kxe5 Qdxd7 64. Kf6 Qde6# 0-1

[Event "Live Chess"]
[Site "Chess.com"]
[Date "2021.02.06"]
[Round "-"]
[White "VAP_1D"]
[Black "Not_Draj"]
[Result "1-0"]
[CurrentPosition "8/8/2PK4/8/8/2k5/6P1/8 b - -"]
[Timezone "UTC"]
[ECO "D00"]
[ECOUrl "https://www.chess.com/openings/Queens-Pawn-Opening-Accelerated-London-System"]
[UTCDate "2021.02.06"]
[UTCTime "20:30:45"]
[WhiteElo "1401"]
[BlackElo "1105"]
[TimeControl "1200+10"]
[Termination "VAP_1D won by resignation"]
[StartTime "20:30:45"]
[EndDate "2021.02.06"]
[EndTime "20:56:35"]
[Link "https://www.chess.com/live/game/6472984640"]

1. d4 d5 2. Bf4 Nf6 3. e3 Bf5 4. Nf3 Nbd7 5. c3 c6 6. Nbd2 Qb6 7. Nb3 Ne4 8. a4 a5 9. Be2 h6 10. O-O g5 11. Bg3 Nxg3 12. fxg3 Bg4 13. Rb1 e6 14. Nbd2 Bf5 15. Rc1 Qxb2 16. e4 dxe4 17. Nc4 Qxc1 18. Qxc1 exf3 19. Bxf3 Bd3 20. Nd2 Bxf1 21. Nxf1 Bd6 22. Ne3 Rb8 23. Nc4 Be7 24. Qb2 O-O 25. Ne5 Nxe5 26. dxe5 Bc5+ 27. Kf1 Rfc8 28. Qd2 b5 29. axb5 Rxb5 30. Qd7 Rb1+ 31. Ke2 Rb2+ 32. Kd3 Rbb8 33. Kc4 Bf8 34. Bh5 Bg7 35. Bxf7+ Kh7 36. Bxe6 a4 37. Qd3+ Kh8 38. Bxc8 Rxc8 39. e6 Re8 40. e7 Bf6 41. Qg6 Rxe7 42. Qxf6+ Rg7 43. Qxh6+ Rh7 44. Qxg5 Rxh2 45. Qf6+ Kh7 46. Qh4+ Rxh4+ 47. gxh4 a3 48. Kb3 Kh6 49. Kxa3 Kh5 50. Kb4 Kxh4 51. Kc5 Kg4 52. Kxc6 Kf4 53. Kd6 Ke4 54. c4 Kd4 55. c5 Kc3 56. c6 1-0

[Event "Live Chess"]
[Site "Chess.com"]
[Date "2021.02.06"]
[Round "-"]
[White "Evan8435"]
[Black "abhijoym2"]
[Result "0-1"]
[CurrentPosition "8/1p6/4k3/q1K5/1r6/8/2b5/8 w - -"]
[Timezone "UTC"]
[ECO "C50"]
[ECOUrl "https://www.chess.com/openings/Italian-Game-Blackburne-Shilling-Gambit"]
[UTCDate "2021.02.06"]
[UTCTime "20:30:51"]
[WhiteElo "1196"]
[BlackElo "1750"]
[TimeControl "1200+10"]
[Termination "abhijoym2 won by checkmate"]
[StartTime "20:30:51"]
[EndDate "2021.02.06"]
[EndTime "20:40:48"]
[Link "https://www.chess.com/live/game/6472985375"]

1. e4 e5 2. Nf3 Nc6 3. Bc4 Nd4 4. Nc3 Bc5 5. Nxe5 Qg5 6. Nf3 Qxg2 7. Rf1 Nxf3+ 8. Ke2 Nf6 9. d3 Nd4+ 10. Ke1 d6 11. Be3 Nf3+ 12. Ke2 Bxe3 13. Kxe3 Ng4+ 14. Ke2 Nd4+ 15. Ke1 Nxh2 16. Ne2 Qxf1+ 17. Kd2 Nhf3+ 18. Ke3 Qxe2+ 19. Qxe2 Nxe2 20. Kxe2 Nd4+ 21. Ke3 Nxc2+ 22. Kd2 Nxa1 23. f4 O-O 24. e5 dxe5 25. fxe5 Re8 26. d4 c5 27. Bb5 Re7 28. Kd3 cxd4 29. Kxd4 Nc2+ 30. Ke4 f5+ 31. Kd5 Nb4+ 32. Kd6 Re6+ 33. Kc5 Nxa2 34. Kd4 a6 35. Bc4 Bd7 36. Bxa2 Rd8 37. Bxe6+ Bxe6+ 38. Ke3 Bb3 39. Kf4 Kf7 40. Kxf5 g6+ 41. Ke4 Ke6 42. Kf4 Rd5 43. Kg5 Rxe5+ 44. Kh6 Re2 45. Kxh7 Rxb2 46. Kxg6 a5 47. Kg5 a4 48. Kf4 a3 49. Ke4 a2 50. Kd3 a1=Q 51. Kd4 Qa3 52. Ke4 Bc2+ 53. Kd4 Rb4+ 54. Kc5 Qa5# 0-1

[Event "Live Chess"]
[Site "Chess.com"]
[Date "2021.02.06"]
[Round "-"]
[White "Phantom_Beast23"]
[Black "Ankur5206"]
[Result "1/2-1/2"]
[CurrentPosition "8/8/6k1/8/5Kb1/8/8/8 b - -"]
[Timezone "UTC"]
[ECO "C50"]
[ECOUrl "https://www.chess.com/openings/Giuoco-Piano-Game-Four-Knights-Game"]
[UTCDate "2021.02.06"]
[UTCTime "20:30:56"]
[WhiteElo "1119"]
[BlackElo "1001"]
[TimeControl "1200+10"]
[Termination "Game drawn by insufficient material"]
[StartTime "20:30:56"]
[EndDate "2021.02.06"]
[EndTime "20:47:09"]
[Link "https://www.chess.com/live/game/6472985966"]

1. e4 e5 2. Nf3 Nc6 3. Bc4 Bc5 4. Nc3 Nf6 5. Ng5 O-O 6. d3 h6 7. h4 d6 8. Bd2 Ng4 9. Be3 Bxe3 10. fxe3 Nxe3 11. Qe2 Ng4 12. Bxf7+ Rxf7 13. Nxf7 Kxf7 14. Qf3+ Nf6 15. g4 Bxg4 16. Qf2 Nd4 17. Rg1 Nf3+ 18. Kf1 Nxg1 19. Qxg1 Be6 20. Qg3 Nh5 21. Qf3+ Qf6 22. Qf2 Qxf2+ 23. Kxf2 Ke7 24. Rg1 Rf8+ 25. Ke3 Rf4 26. Rh1 c6 27. Ne2 Rf7 28. Rg1 d5 29. Ng3 Nxg3 30. Rxg3 dxe4 31. dxe4 Bxa2 32. b3 Rf4 33. Rxg7+ Kf6 34. Rxb7 Rxh4 35. Rxa7 Bb1 36. Kd2 Rh2+ 37. Kc1 Bxc2 38. Rc7 Bxb3 39. Rxc6+ Be6 40. Kd1 Rh4 41. Rc2 Rxe4 42. Rf2+ Rf4 43. Rh2 Kg5 44. Rg2+ Bg4+ 45. Ke1 e4 46. Rg1 e3 47. Rg3 e2 48. Re3 h5 49. Re5+ Rf5 50. Re3 h4 51. Kd2 h3 52. Rxh3 Bxh3 53. Kxe2 Bg4+ 54. Kd3 Kf6 55. Ke3 Kg5 56. Ke4 Rf4+ 57. Ke5 Kg6 58. Kxf4 1/2-1/2

[Event "Live Chess"]
[Site "Chess.com"]
[Date "2021.02.06"]
[Round "-"]
[White "SparkyChessTiger2021"]
[Black "thundergamerz"]
[Result "1-0"]
[CurrentPosition "8/8/8/8/7Q/8/1P3K1k/8 b - -"]
[Timezone "UTC"]
[ECO "C50"]
[ECOUrl "https://www.chess.com/openings/Giuoco-Piano-Game-Giuoco-Pianissimo-Italian-Four-Knights-Variation"]
[UTCDate "2021.02.06"]
[UTCTime "20:30:53"]
[WhiteElo "1430"]
[BlackElo "1278"]
[TimeControl "1200+10"]
[Termination "SparkyChessTiger2021 won by checkmate"]
[StartTime "20:30:53"]
[EndDate "2021.02.06"]
[EndTime "20:42:37"]
[Link "https://www.chess.com/live/game/6472986318"]

1. e4 e5 2. Nf3 Nc6 3. Bc4 Bc5 4. Nc3 Nf6 5. d3 O-O 6. Bg5 h6 7. Bh4 Be7 8. O-O d6 9. h3 Nh5 10. Bxe7 Qxe7 11. Nd5 Qd8 12. Nxe5 Nxe5 13. Qxh5 c6 14. Nc3 b5 15. Bb3 Qg5 16. Qxg5 hxg5 17. f4 gxf4 18. Rxf4 Be6 19. Raf1 Bxb3 20. axb3 f6 21. d4 g5 22. Rf5 Nd7 23. R1f3 Rf7 24. Rg3 Raf8 25. h4 Rg7 26. hxg5 fxg5 27. Rxf8+ Kxf8 28. Rf3+ Ke7 29. Rf5 g4 30. Nd1 Nf6 31. Nf2 Ke6 32. Kf1 Nxe4 33. Rf4 Nxf2 34. Kxf2 Rf7 35. Rxf7 Kxf7 36. Kg3 Kg6 37. Kxg4 Kf6 38. Kh5 Kg7 39. g4 Kf7 40. Kh6 Kg8 41. g5 Kh8 42. g6 Kg8 43. c3 a5 44. Kg5 Kg7 45. Kf5 c5 46. dxc5 dxc5 47. Ke5 b4 48. cxb4 cxb4 49. Kd4 Kxg6 50. Kc4 Kf6 51. Kb5 Ke6 52. Kxa5 Kd6 53. Kxb4 Kc7 54. Kc5 Kb7 55. Kb5 Ka7 56. Kc6 Kb8 57. Kb6 Ka8 58. b4 Kb8 59. b5 Kc8 60. Ka7 Kc7 61. b6+ Kc8 62. b7+ Kc7 63. b8=Q+ Kc6 64. Ka6 Kc5 65. Qb7 Kc4 66. Qb6 Kd3 67. Qc5 Kd2 68. Qc4 Ke3 69. Qd5 Ke2 70. Qd4 Kf3 71. Qe5 Kg4 72. Qf6 Kh5 73. Qg7 Kh4 74. Qg6 Kh3 75. Qg5 Kh2 76. Qg4 Kh1 77. Kb5 Kh2 78. Kc4 Kh1 79. Kd3 Kh2 80. Ke3 Kh1 81. Kf2 Kh2 82. Qh4# 1-0

[Event "Live Chess"]
[Site "Chess.com"]
[Date "2021.02.06"]
[Round "-"]
[White "Sanat2"]
[Black "Eric-100"]
[Result "1-0"]
[CurrentPosition "8/6pk/1R5p/4K3/1P4P1/P4P2/8/7r b - -"]
[Timezone "UTC"]
[ECO "B56"]
[ECOUrl "https://www.chess.com/openings/Sicilian-Defense-Open-Variation-4...Nf6-5.Nc3-e5"]
[UTCDate "2021.02.06"]
[UTCTime "20:31:09"]
[WhiteElo "1329"]
[BlackElo "929"]
[TimeControl "1200+10"]
[Termination "Sanat2 won by resignation"]
[StartTime "20:31:09"]
[EndDate "2021.02.06"]
[EndTime "20:40:32"]
[Link "https://www.chess.com/live/game/6472986653"]

1. e4 c5 2. Nf3 d6 3. d4 cxd4 4. Nxd4 Nf6 5. Nc3 e5 6. Nf3 Be6 7. Be2 Be7 8. O-O O-O 9. Be3 Nc6 10. Qd2 Nd7 11. Ng5 Bxg5 12. Bxg5 Qc8 13. Qxd6 Re8 14. Nd5 Bxd5 15. Qxd5 Nb4 16. Qd2 Qxc2 17. Qxc2 Nxc2 18. Rac1 Nb4 19. a3 Nc6 20. Rfd1 Nb6 21. Bb5 Rac8 22. Be3 f6 23. Bxb6 axb6 24. Rd7 Rb8 25. Bxc6 bxc6 26. Rxc6 Rec8 27. Rdc7 Rxc7 28. Rxc7 Rd8 29. h3 Rd2 30. Rc8+ Kf7 31. Rc7+ Kg6 32. b4 Ra2 33. Ra7 f5 34. exf5+ Kxf5 35. g4+ Kg6 36. Kg2 h6 37. Ra6 Kh7 38. Kf3 Kh8 39. Ke3 Kh7 40. f3 Rh2 41. Rxb6 Rxh3 42. Ke4 Rh1 43. Kxe5 1-0

[Event "Live Chess"]
[Site "Chess.com"]
[Date "2021.02.06"]
[Round "-"]
[White "sean330"]
[Black "mydonkey1234567890"]
[Result "1-0"]
[CurrentPosition "R4bk1/ppp2ppp/8/5b2/2P5/2Pr4/PP1N1PPP/R1B3K1 b - -"]
[Timezone "UTC"]
[ECO "C50"]
[ECOUrl "https://www.chess.com/openings/Giuoco-Piano-Game-Giuoco-Pianissimo-Variation-4...Nf6"]
[UTCDate "2021.02.06"]
[UTCTime "20:31:16"]
[WhiteElo "1405"]
[BlackElo "1040"]
[TimeControl "1200+10"]
[Termination "sean330 won by resignation"]
[StartTime "20:31:16"]
[EndDate "2021.02.06"]
[EndTime "20:36:06"]
[Link "https://www.chess.com/live/game/6472987070"]

1. e4 e5 2. Nf3 Nc6 3. Bc4 Nf6 4. d3 Bc5 5. c3 O-O 6. O-O d5 7. exd5 Nxd5 8. Re1 Re8 9. Qb3 Na5 10. Qd1 Nxc4 11. dxc4 Nf4 12. Qxd8 Rxd8 13. Nxe5 Nd3 14. Nxd3 Rxd3 15. Re8+ Bf8 16. Nd2 Bf5 17. Rxa8 1-0

[Event "Live Chess"]
[Site "Chess.com"]
[Date "2021.02.06"]
[Round "-"]
[White "lighteningcrushers30"]
[Black "lionkingethan"]
[Result "0-1"]
[CurrentPosition "6k1/1p4p1/2p5/4p1bp/1P1p4/1KNP4/P4q2/8 w - -"]
[Timezone "UTC"]
[ECO "C50"]
[ECOUrl "https://www.chess.com/openings/Giuoco-Piano-Game-4.O-O-Nf6"]
[UTCDate "2021.02.06"]
[UTCTime "20:31:14"]
[WhiteElo "1135"]
[BlackElo "1418"]
[TimeControl "1200+10"]
[Termination "lionkingethan won by resignation"]
[StartTime "20:31:14"]
[EndDate "2021.02.06"]
[EndTime "20:40:49"]
[Link "https://www.chess.com/live/game/6472987467"]

1. e4 e5 2. Nf3 Nc6 3. Bc4 Bc5 4. O-O Nf6 5. Ng5 O-O 6. Nc3 h6 7. Nf3 d6 8. h3 Be6 9. Bd5 Rb8 10. d3 Ne7 11. Bxe6 fxe6 12. Nb5 c6 13. Nc3 Ng6 14. h4 h5 15. Bg5 d5 16. exd5 exd5 17. Na4 Be7 18. Re1 Qc7 19. Bxf6 Rxf6 20. Qd2 Qd6 21. Rad1 Rxf3 22. gxf3 Nxh4 23. Kf1 Nxf3 24. Qe3 Nxe1 25. Kxe1 Rf8 26. Kd2 Qg6 27. Rg1 Qxg1 28. Qxa7 Rxf2+ 29. Kc3 Rxc2+ 30. Kxc2 Qxa7 31. Nc3 Bg5 32. b4 Qf2+ 33. Kb3 d4 0-1

[Event "Live Chess"]
[Site "Chess.com"]
[Date "2021.02.06"]
[Round "-"]
[White "lemonjuice99"]
[Black "Jocey107"]
[Result "0-1"]
[CurrentPosition "6k1/p4pp1/2p2n1p/1p3P2/1P2p2P/1R6/1Pr4r/1R4NK w - -"]
[Timezone "UTC"]
[ECO "C50"]
[ECOUrl "https://www.chess.com/openings/Giuoco-Piano-Game-4.O-O-Nf6"]
[UTCDate "2021.02.06"]
[UTCTime "20:31:26"]
[WhiteElo "1211"]
[BlackElo "1782"]
[TimeControl "1200+10"]
[Termination "Jocey107 won by checkmate"]
[StartTime "20:31:26"]
[EndDate "2021.02.06"]
[EndTime "20:55:43"]
[Link "https://www.chess.com/live/game/6472987959"]

1. e4 e5 2. Nf3 Nc6 3. Bc4 Bc5 4. O-O Nf6 5. d3 d6 6. Nc3 Na5 7. Bb3 Nxb3 8. axb3 h6 9. Na2 Bg4 10. h3 Bh5 11. b4 Bb6 12. Be3 c6 13. Nc3 O-O 14. Na4 Bxe3 15. fxe3 b5 16. Nc3 Qb6 17. Qd2 Bg6 18. Nh4 Bh7 19. Nf5 Bxf5 20. exf5 Rfe8 21. Kh1 d5 22. Rf3 e4 23. dxe4 dxe4 24. Rg3 Rad8 25. Qf2 Rd7 26. Ne2 Rd2 27. Rc1 Red8 28. Qe1 Nh5 29. Rg4 Qxe3 30. Ng1 Qxe1 31. Rxe1 Nf6 32. Rg3 Rxc2 33. Rb3 Rdd2 34. Rb1 Rxg2 35. h4 Rh2# 0-1

[Event "Live Chess"]
[Site "Chess.com"]
[Date "2021.02.06"]
[Round "-"]
[White "RobynoDude"]
[Black "shiningCrystal"]
[Result "1-0"]
[CurrentPosition "8/8/8/8/3Q4/5k2/2P4K/5Q2 b - -"]
[Timezone "UTC"]
[ECO "C25"]
[ECOUrl "https://www.chess.com/openings/Vienna-Game-Anderssen-Defense"]
[UTCDate "2021.02.06"]
[UTCTime "20:31:03"]
[WhiteElo "1422"]
[BlackElo "1248"]
[TimeControl "1200+10"]
[Termination "RobynoDude won by checkmate"]
[StartTime "20:31:03"]
[EndDate "2021.02.06"]
[EndTime "21:07:38"]
[Link "https://www.chess.com/live/game/6472988291"]

1. e4 e5 2. Nc3 Bc5 3. Nf3 Nc6 4. Bc4 Nf6 5. O-O h6 6. d3 O-O 7. Be3 Bxe3 8. fxe3 Ng4 9. Qe2 d6 10. h3 Nf6 11. d4 exd4 12. exd4 Re8 13. d5 Ne5 14. Rae1 Nxf3+ 15. Qxf3 c6 16. dxc6 bxc6 17. Rd1 Bb7 18. Rfe1 Qb6+ 19. Kh2 Qxb2 20. Rxd6 Qb4 21. Qg3 Kf8 22. Rd4 c5 23. Qd6+ Kg8 24. Re3 Qb6 25. Qxb6 axb6 26. Rd6 Nxe4 27. Rxb6 Nxc3 28. Rxc3 Rab8 29. Rg3 Re4 30. Bd5 Re7 31. Bb3 Re2 32. Rbg6 Rxg2+ 33. Rxg2 Bxg2 34. Rxg2 g6 35. Rf2 Rf8 36. a4 Kg7 37. a5 f5 38. Rd2 Ra8 39. Rd7+ Kf6 40. Rd6+ Kg5 41. a6 Kf4 42. Rxg6 h5 43. Bd5 Ra7 44. Rb6 Ke5 45. Bg2 Kd4 46. Bf1 c4 47. Rc6 Ke5 48. Bxc4 Kd4 49. Bf1 Kd5 50. Rb6 Kc5 51. Rb7 Ra8 52. a7 Kc6 53. Bg2+ Kc5 54. Rc7+ Kb6 55. Bxa8 Kxc7 56. Bg2 Kb6 57. a8=Q Kc5 58. Qf3 Kd4 59. Qxf5 Ke3 60. Qxh5 Kf4 61. Qb5 Ke3 62. h4 Kf4 63. h5 Ke3 64. h6 Kf2 65. h7 Ke3 66. h8=Q Kd2 67. Qd4+ Ke1 68. Qb1+ Ke2 69. Bf3+ Kxf3 70. Qf1# 1-0

[Event "Live Chess"]
[Site "Chess.com"]
[Date "2021.02.06"]
[Round "-"]
[White "lionkingh"]
[Black "jasjas08"]
[Result "1-0"]
[CurrentPosition "r1bqr1k1/p1p2pQ1/1p1p3p/3P4/1P2PnP1/3B1N1P/PB1NR3/R5K1 b - -"]
[Timezone "UTC"]
[ECO "B00"]
[ECOUrl "https://www.chess.com/openings/Nimzowitsch-Defense-Kennedy-Variation"]
[UTCDate "2021.02.06"]
[UTCTime "20:31:25"]
[WhiteElo "1321"]
[BlackElo "1196"]
[TimeControl "1200+10"]
[Termination "lionkingh won by checkmate"]
[StartTime "20:31:25"]
[EndDate "2021.02.06"]
[EndTime "20:39:03"]
[Link "https://www.chess.com/live/game/6472988623"]

1. e4 e5 2. d4 Nc6 3. d5 Nd4 4. c3 Nf6 5. cxd4 exd4 6. Qxd4 Bd6 7. Nf3 O-O 8. Bd3 b6 9. O-O Bc5 10. Qc3 d6 11. b4 Bxf2+ 12. Rxf2 Re8 13. Nbd2 Ng4 14. Re2 h6 15. h3 Nf6 16. Bb2 Nh5 17. g4 Nf4 18. Qxg7# 1-0

[Event "Live Chess"]
[Site "Chess.com"]
[Date "2021.02.06"]
[Round "-"]
[White "SwirlPawn"]
[Black "barnaclesbear"]
[Result "0-1"]
[CurrentPosition "4r1k1/2p2ppp/r3p3/8/p3P3/Q7/6PK/3q2B1 w - -"]
[Timezone "UTC"]
[ECO "D00"]
[ECOUrl "https://www.chess.com/openings/Queens-Pawn-Opening-Accelerated-London-System"]
[UTCDate "2021.02.06"]
[UTCTime "20:31:25"]
[WhiteElo "902"]
[BlackElo "1179"]
[TimeControl "1200+10"]
[Termination "barnaclesbear won by resignation"]
[StartTime "20:31:25"]
[EndDate "2021.02.06"]
[EndTime "20:52:15"]
[Link "https://www.chess.com/live/game/6472988955"]

1. d4 d5 2. Bf4 Nf6 3. e3 Bg4 4. Nf3 Nc6 5. Be2 e6 6. c4 dxc4 7. Bxc4 Bb4+ 8. Nbd2 Ne4 9. Be2 O-O 10. O-O Bxf3 11. Bxf3 Nxd2 12. a3 Nxf1 13. axb4 Nxh2 14. Bxh2 Nxb4 15. Qb3 a5 16. Bxb7 Ra7 17. Bf3 Re8 18. e4 Qxd4 19. Rc1 Nd3 20. Rd1 Qxf2+ 21. Kh1 Nxb2 22. Bg1 Qh4+ 23. Bh2 Nxd1 24. Bxd1 a4 25. Qa3 Qe1+ 26. Bg1 Qxd1 27. Kh2 Ra6 0-1

[Event "Live Chess"]
[Site "Chess.com"]
[Date "2021.02.06"]
[Round "-"]
[White "tastycelery7"]
[Black "UgandanKnuckles7"]
[Result "0-1"]
[CurrentPosition "8/2k3p1/2p5/6p1/8/8/7r/1q2K3 w - -"]
[Timezone "UTC"]
[ECO "C45"]
[ECOUrl "https://www.chess.com/openings/Scotch-Game-Classical-Variation-5.Be3"]
[UTCDate "2021.02.06"]
[UTCTime "20:31:09"]
[WhiteElo "1442"]
[BlackElo "1507"]
[TimeControl "1200+10"]
[Termination "UgandanKnuckles7 won by checkmate"]
[StartTime "20:31:09"]
[EndDate "2021.02.06"]
[EndTime "21:04:21"]
[Link "https://www.chess.com/live/game/6472989337"]

1. e4 e5 2. Nf3 Nc6 3. d4 exd4 4. Nxd4 Bc5 5. Be3 Nxd4 6. Bxd4 Bxd4 7. Qxd4 Qf6 8. e5 Qb6 9. Qxb6 axb6 10. Nc3 f6 11. O-O-O fxe5 12. Re1 d6 13. f4 Nf6 14. fxe5 dxe5 15. Rxe5+ Kd7 16. Bc4 Kd6 17. Rhe1 Bg4 18. Nb5+ Kc6 19. Nd4+ Kd6 20. Nf5+ Bxf5 21. Rxf5 Rae8 22. Rff1 c6 23. Rd1+ Kc5 24. Bb3 Re5 25. c3 Rhe8 26. Ba4 b5 27. b4+ Kb6 28. Bb3 Ng4 29. Rd6 h6 30. c4 Nxh2 31. c5+ Kc7 32. Rf7+ R5e7 33. Kd2 Rxf7 34. Bxf7 Re7 35. Be6 Nf1+ 36. Kd3 Ng3 37. Ke3 Nh5 38. Ke4 Nf6+ 39. Kf5 b6 40. a3 bxc5 41. bxc5 Ne8 42. Rd4 Nf6 43. a4 Nh5 44. a5 Ng3+ 45. Kg6 Rxe6+ 46. Kf7 Re3 47. a6 Ra3 48. a7 Rxa7 49. Ke8 Ra8+ 50. Kf7 Rd8 51. Rg4 Rd7+ 52. Ke6 Nh5 53. g3 Nf6 54. Rg6 Nd5 55. Ke5 Nb4 56. Ke6 Na6 57. Ke5 Nxc5 58. Rg4 Nd3+ 59. Ke6 b4 60. Rh4 b3 61. Ra4 Nc5+ 62. Ke5 Nxa4 63. Ke6 b2 64. Ke5 b1=Q 65. g4 Re7+ 66. Kd4 Nc3 67. g5 hxg5 68. Kxc3 Re4 69. Kd2 Qb3 70. Kc1 Rh4 71. Kd2 Rh2+ 72. Ke1 Qb1# 0-1